 Dungeon Crawl Stone Soup version 0.20.1-1-g8b1a95d (webtiles) character file.

622122 Irenicus the Hoplite (level 27, -17/292 HPs)
             Began as a Deep Dwarf Monk on Oct 15, 2017.
             Was the Champion of Makhleb.
             Demolished by a lorocyproca (28 damage)
             ... while paralysed
             ... on level 19 of a ziggurat.
             The game lasted 07:09:10 (44469 turns).

Irenicus the Hoplite (Deep Dwarf Monk)             Turns: 44469, Time: 07:09:11

Health: -17/292    AC: 27    Str: 16    XL:     27
Magic:  0/13       EV:  2    Int: 14    God:    Makhleb [******]
Gold:   2293       SH:  0    Dex: 23    Spells: 15/40 levels left

rFire    + + .     SeeInvis +     - Unarmed
rCold    + . .     Gourm    .   W - +2 large shield of Happy Babbling {rElec rPois rC+}
rNeg     + + +     Faith    .   m - +3 salamander hide armour {+Rage rF++}
rPois    +         Spirit   .   u - +2 hat {MR+}
rElec    +         Reflect  .   L - +2 cloak
rCorr    +         Harm     .   a - +0 pair of fencer's gloves {+Riposte Dex+3}
MR       +++++     NoTele   +   y - +2 pair of boots {run}
Stlth    ++........             B - amulet of Midsummer {RegenMP -Tele rN++ SInv}
Regen    0.0/turn               P - ring of resist corrosion
MPRegen  0.2/turn               R - ring of Robustness {AC+8}

@: paralysed, berserk cooldown, slightly contaminated, non-regenerating, hasted
and slowed, glowing, quick
A: damage resistance, heal wounds, fangs 1, icy blue scales 1, yellow scales 1,
clever 2, [clumsy 2], [deterioration 2], [dopey 2], [low mp 2], magic resistance
1, negative energy resistance 1, sense surroundings 3, poison resistance, robust
2, screaming 1, [teleportitis 2], evolution 2, no regeneration
}: 2/15 runes: decaying, serpentine
a: Heal Wounds, Minor Destruction, Lesser Servant of Makhleb, Major Destruction,
Greater Servant of Makhleb, Renounce Religion, Evoke Berserk Rage


You were on level 19 of a ziggurat.
You worshipped Makhleb.
Makhleb was exalted by your worship.
You were very hungry.

You visited 8 branches of the dungeon, and saw 36 of its levels.
You visited 2 bazaars.
You visited 1 ziggurat, and saw 19 of its levels.
You also visited: Labyrinth, Trove, Ossuary, Ice Cave and Desolation.

You collected 5012 gold pieces.
You spent 2719 gold pieces at shops.

Inventory:

Armour
 a - the +0 pair of fencer's gloves (worn) {+Riposte Dex+3}
   (You found it in the Desolation of Salt)

   It affects your dexterity (+3).
 b - the +3 crown of Dyrovepreva {rElec Int+2 SInv}
   (You found it on level 14 of a ziggurat)

   It affects your intelligence (+2).
   It insulates you from electricity.
   It lets you see invisible.
 m - the +3 salamander hide armour (worn) {+Rage rF++}
   (You bought it in a shop on level 2 of the Orcish Mines)

   It greatly protects you from fire.
   It lets you go berserk.
 u - a +2 hat of magic resistance (worn)
 y - a +2 pair of boots of running (worn)
 L - a +2 cloak (worn)
 W - the +2 large shield of Happy Babbling (worn) {rElec rPois rC+}
   (You bought it in a shop on level 2 of the Orcish Mines)

   It protects you from cold.
   It insulates you from electricity.
   It protects you from poison.
Jewellery
 i - the ring of Amelioration {rC+ MR+ Str+3}
   (You acquired it on level 11 of the Dungeon)

   [ring of protection from magic]

   It affects your strength (+3).
   It protects you from cold.
   It affects your resistance to hostile enchantments.
 o - the ring of Yredelemnul's Envy {rF+ Str+2 SInv}
   (You found it on level 18 of a ziggurat)

   [ring of see invisible]

   It affects your strength (+2).
   It protects you from fire.
   It lets you see invisible.
 q - the ring "Quez Caiqog" {+Blink rPois MR+ Str+8 Dex-2}
   (You found it in the Desolation of Salt)

   [ring of protection from magic]

   It affects your strength (+8).
   It affects your dexterity (-2).
   It protects you from poison.
   It affects your resistance to hostile enchantments.
   It lets you blink.
 z - the ring "Unoas" {+Fly rN+ Str+4}
   (You found it on level 17 of a ziggurat)

   [ring of flight]

   It affects your strength (+4).
   It protects you from negative energy.
   It lets you fly.
 B - the amulet of Midsummer (around neck) {RegenMP -Tele rN++ SInv}
   (You found it in the Desolation of Salt)

   [amulet of magic regeneration]

   It increases your magic regeneration.
   It greatly protects you from negative energy.
   It lets you see invisible.
   It prevents most forms of teleportation.
 P - a ring of resist corrosion (left hand)
 R - the ring of Robustness (right hand) {AC+8}
   (You found it in an ice cave)

   [ring of protection]

   It affects your AC (+8).
 T - the ring "Ivippyxa" {*Slow rN+++ MR+++ EV+4 Dex-5}
   (You found it on level 8 of a ziggurat)

   [ring of evasion]

   It affects your evasion (+4).
   It affects your dexterity (-5).
   It renders you almost immune to negative energy.
   It affects your resistance to hostile enchantments.
   It may slow you when you take damage.
 V - a +5 amulet of reflection
Wands
 A - a wand of confusion (23/48)
 E - a wand of clouds (8/9)
 J - a wand of digging (9/24)
 K - a wand of scattershot (0/9)
Scrolls
 f - 16 scrolls of teleportation
 g - 11 scrolls of magic mapping
 j - 14 scrolls of identify
 p - 16 scrolls of remove curse
 r - 8 scrolls of blinking
 C - 7 scrolls of recharging
 F - 2 scrolls of summoning
 M - a scroll of holy word
 Q - 5 scrolls of fog
 Z - 3 scrolls of fear
Potions
 e - 6 potions of lignification
 h - 3 potions of haste
 k - a potion of agility
 l - 3 potions of cancellation
 t - 12 potions of curing
 v - 13 potions of mutation
 G - a potion of invisibility
 I - 3 potions of might
 N - 2 potions of brilliance
 O - 2 potions of resistance
 S - 2 potions of berserk rage
 Y - a potion of heal wounds
Miscellaneous
 n - a fan of gales
 s - a lamp of fire
 w - 4 sacks of spiders
 x - 7 phantom mirrors
 D - a lightning rod (3/4)
 H - 8 boxes of beasts
 U - a phial of floods
Comestibles
 c - 18 meat rations
 d - 17 royal jellies


   Skills:
 - Level 14.2 Fighting
 - Level 3.0 Armour
 - Level 12.1 Dodging
 - Level 10.0 Stealth
 - Level 22.0 Shields
 + Level 19.3 Unarmed Combat
 - Level 7.2 Spellcasting
 - Level 9.0 Conjurations
 - Level 3.0 Hexes
 - Level 5.1 Charms
 - Level 12.0 Transmutations
 - Level 1.0 Air Magic
 - Level 16.3 Earth Magic
 - Level 13.3 Invocations
 - Level 7.4 Evocations


You had 15 spell levels left.
You knew the following spells:

 Your Spells              Type           Power        Failure   Level  Hunger
a - Confusing Touch       Hex            ##....       7%          1    None
b - Passwall              Tmut/Erth      #####.....   1%          2    None
c - Swiftness             Chrm/Air       ##......     11%         2    None
d - Song of Slaying       Chrm           ###.....     4%          2    None
e - Apportation           Tloc           #.....       26%         1    None
f - Beastly Appendage     Tmut           #####.       1%          1    None
g - Vampiric Draining     Necr           #.........   58%         3    ##.....
h - Irradiate             Conj/Tmut      ####......   9%          5    #####..
i - Sublimation of Blood  Necr           #.........   36%         2    None
q - Statue Form           Tmut/Erth      #####....    11%         6    #######


Dungeon Overview and Level Annotations

Branches:
Dungeon (15/15)            Temple (1/1) D:6            Lair (6/6) D:8
  Swamp (4/4) Lair:4        Snake (4/4) Lair:4        Slime (0/5) Lair:6
    Orc (2/2) D:12            Elf (3/3) Orc:2        Vaults (0/5) D:14
 Depths (1/5) D:15

Altars:
Ashenzari
Cheibriados
Dithmenos
Elyvilon
Fedhas
Gozag
Hepliaklqana
Kikubaaqudgha
Makhleb
Nemelex Xobeh
Okawaru
Qazlal
Ru
Sif Muna
Trog
Uskayaw
Vehumet
Xom
Yredelemnul
Zin
The Shining One
Beogh
Jiyva

Shops:
D:5 *   D:15 (   Orc:1 !   Orc:2 (*[=

Portals:
Abyss: Depths:1

Annotations:
D:1 exclusion: door
D:13 exclusions: Rupert and downstairs
Lair:2 exclusion: oklob plant
Swamp:2 2 exclusions
Swamp:3 2 exclusions
Elf:3 7 exclusions
Zig:19 exclusion: 2 oklob plants


Innate Abilities, Weirdness & Mutations

You are resistant to damage.
You can heal yourself by infusing magical energy.
You resist negative energy. (rN+)
You passively map a large area around you.
You do not regenerate.
You have very sharp teeth.
You are partially covered in icy blue scales. (AC +2)
You are partially covered in yellow scales. (AC +2)
Your mind is very acute. (Int +4)
You are resistant to hostile enchantments. (MR+)
Your system is resistant to poisons. (rPois)
You are very robust. (+20% HP)
You occasionally shout uncontrollably at your foes.
You rapidly evolve.
[You are very clumsy. (Dex -4)]
[Your body often deteriorates upon taking damage.]
[You are very dopey. (Int -4)]
[Your magical capacity is very low. (-20% MP)]
[You are sometimes teleported next to monsters.]


Message History

* * * LOW HITPOINT WARNING * * *
The angel hits you with a sacred scourge of holy wrath.
The angel hits you but does no damage. The lorocyproca hits you!!
* * * LOW HITPOINT WARNING * * *
The ynoxinul gestures.
The deep elf sorcerer is engulfed in freezing vapours.
The blizzard demon completely misses you.
The blizzard demon hits you but does no damage.
You revert to your normal fleshy form.
The +0 pair of fencer's gloves {+Riposte Dex+3} unmelds from your body.
Your +2 pair of boots of running unmelds from your body.
The +3 salamander hide armour {+Rage rF++} unmelds from your body.
En garde!
You feel quick.
The reaper hits you from afar with a scythe of slicing.
The angel hits you with a sacred scourge of holy wrath.
* * * LOW HITPOINT WARNING * * *
The angel hits you but does no damage.
The blizzard demon hits you but does no damage. x2
The lorocyproca hits you!!
You die...

▓.........2......
▓.........6....P.,
▓.............P..,
▓e4§..§.......PPP
▓2e5..55.......P.
▓3222455.3.....P.
▓6623355.........,
▓A26X245.........
▓@26X664.........
▓▓▓▓▓▓▓▓▓▓▓......
...... *......
.... * **


You could see an angel, a hell beast, a lorocyproca (invisible), 2 reapers, 2
demonspawn, 2 blizzard demons, 3 demonspawn, 2 deep elf sorcerers, 2 soul
eaters, a shadow demon, a torturous demonspawn, 2 large abominations, 2
hellwings, a rust devil, a tormentor, a ynoxinul, a red devil and 8 ufetubi.

Vanquished Creatures
  3 ancient liches
  the Lernaean hydra (Swamp:4)
  A caustic shrike (Zig:13)
  3 golden dragons
  7 pearl dragons (Zig:17)
  3 bone dragons (Zig:18)
  A Tzitzimitl (Zig:19)
  A Brimstone Fiend (Zig:11)
  An Ice Fiend (Zig:19)
  2 tentacled monstrosities (Zig:16)
  Rupert (D:13)
  3 liches
  The ghost of Haldmier the Warrior, an adept OgWz of Ashenzari (Swamp:3)
  A Hell Sentinel (Zig:19)
  2 deep elf master archers
  A titan (Zig:14)
  Gastronok (Lair:2)
  5 deep elf blademasters
  3 ancient champions (Zig:18)
  3 tentacled starspawn (Zig:12)
  3 Executioners (Zig:19)
  4 sphinxes
  4 acid blobs
  A storm dragon (Zig:14)
  Roxanne (Swamp:2)
  3 thorn hunters
  5 revenants (Zig:18)
  6 nagarajas (Snake:4)
  2 azure jellies (Zig:8)
  A blood saint (Zig:19)
  3 daevas (Zig:17)
  7 deep elf sorcerers
  2 ghost moths (Zig:5)
  2 frost giants
  6 balrugs
  An emperor scorpion (Zig:5)
  A vault warden (Zig:7)
  2 warmongers (Zig:19)
  4 orc warlords
  An imperial myrmidon (Desolation)
  2 angels (Zig:17)
  2 deep elf elementalists (Elf:3)
  3 ironheart preservers (Zig:14)
  4 curse skulls
  A reaper (Zig:11)
  4 apis (Zig:17)
  A stone giant (Zig:3)
  2 vampire knights (Zig:18)
  A juggernaut skeleton (Zig:9)
  3 corrupters (Zig:19)
  An entropy weaver (Zig:5)
  7 ophanim (Zig:17)
  8 deep elf demonologists
  A black sun (Zig:19)
  2 halazid warlocks (Desolation)
  2 lorocyprocas
  Azrael (D:15)
  5 dire elephants
  12 deep elf annihilators
  2 green deaths (Zig:16)
  A death ooze (Zig:8)
  2 blizzard demons (Zig:9)
  3 fire dragons
  A minotaur (Lab)
  7 deep elf death magi (Elf:3)
  4 eidola
  3 crystal guardians (Desolation)
  A great orb of eyes (Depths:1)
  2 yaktaur captains (Zig:14)
  7 deep elf high priests
  4 ice dragons
  3 ragged hierophants (Desolation)
  12 peacekeepers (Desolation)
  5 servants of whispers (Desolation)
  A rakshasa (D:15)
  15 naga warriors
  29 hydras
  A ghost crab (Swamp:3)
  10 anacondas
  5 two-headed ogres
  4 alligators
  7 centaur warriors
  30 dancing weapons
  A death knight (Zig:14)
  3 catoblepae
  An ogre mage (D:14)
  A hell hog (Zig:10)
  8 death yaks
  2 orc high priests
  A tengu warrior (Depths:1)
  3 vampire magi (Zig:18)
  11 shock serpents
  10 naga sharpshooters
  Nergalle (Orc:1)
  14 deep elf knights
  Sonja (D:13)
  A soul eater (Zig:1)
  4 spriggans (Swamp:2)
  2 storm dragon zombies
  4 skeletal warriors
  2 sixfirhies (Zig:19)
  2 hell knights
  2 salamander mystics
  A shadow wraith (Zig:7)
  An iron troll (Zig:3)
  A sea snake (shapeshifter) (Zig:7)
  2 golden dragon zombies
  3 large abominations
  12 swamp dragons
  5 cherubim (Zig:17)
  A spatial maelstrom (Zig:12)
  3 shambling mangroves
  2 spriggan druids (Zig:13)
  A shadow demon (Zig:19)
  A flayed ghost (Zig:11)
  A death drake (Zig:16)
  2 glowing orange brains
  2 tengu zombies
  5 naga ritualists
  2 lindwurms
  2 unseen horrors
  15 deep elf archers
  2 necromancers
  66 deep elf magi
  4 ironbrand convokers
  2 phantasmal warriors (Zig:18)
  An orb spider (shapeshifter) (Zig:12)
  7 orc knights
  A sphinx zombie (Zig:10)
  A mana viper (shapeshifter) (D:15)
  5 orc sorcerers
  9 salamanders
  4 mana vipers
  3 cyclopes
  A frost giant zombie (Zig:10)
  A stone giant zombie (Zig:9)
  4 wolf spiders
  2 shining eyes
  2 manticores (D:14)
  A sphinx skeleton (Zig:11)
  11 ugly things
  A shadow dragon skeleton (Zig:10)
  A worldbinder (Zig:12)
  A manticore (shapeshifter) (Zig:14)
  11 guardian serpents
  A guardian serpent (shapeshifter) (Elf:1)
  17 elephants
  A vault sentinel (Zig:7)
  Psyche (D:8)
  3 fire giant skeletons
  13 naga magi
  An ice statue (IceCv)
  41 black mambas
  32 spiny frogs
  2 eyes of devastation
  The ghost of Exporg the Chopper, a novice FoFi (D:4)
  A water nymph (shapeshifter) (D:15)
  2 torpor snails (Zig:13)
  4 rime drakes
  A spiny frog (shapeshifter) (D:15)
  7 yaktaurs
  4 tormentors
  An elf skeleton (Zig:10)
  6 komodo dragons
  2 freezing wraiths
  3 hellions
  3 ice devils (Zig:9)
  3 efreet
  6 kobold demonologists
  A swamp worm zombie (Swamp:4)
  A harpy zombie (D:15)
  A merfolk (shapeshifter) (Elf:2)
  3 ancient zymes (Zig:12)
  14 trolls
  A tengu conjurer (Depths:1)
  A queen bee (shapeshifter) (D:13)
  7 tyrant leeches
  A jumping spider (Zig:5)
  2 small abominations (Elf:3)
  2 red devils
  28 polar bears
  9 hornets
  39 slime creatures
  A meliai (shapeshifter) (Zig:15)
  A hippogriff (shapeshifter) (Elf:3)
  A meliai zombie (D:11)
  19 blink frogs
  4 raiju
  A dream sheep (Lair:6)
  52 saltlings (Desolation)
  12 bog bodies
  12 hippogriffs
  2 elf zombies (Zig:11)
  6 redbacks
  2 flying skulls (Zig:10)
  7 shadows
  13 wyverns
  A tarantella (shapeshifter) (D:15)
  A wraith (D:15)
  10 water elementals
  2 vampires (D:14)
  62 yaks
  A chaos spawn (Zig:12)
  A tyrant leech zombie (Swamp:4)
  7 fire elementals
  3 neqoxecs
  Eustachio (D:5)
  A golden eye (Zig:8)
  A hungry ghost (D:9)
  A spatial vortex (Zig:12)
  29 vampire mosquitoes
  2 basilisks
  34 insubstantial wisps
  12 wargs
  77 nagas
  A human zombie (Zig:11)
  15 swamp worms
  25 water moccasins
  16 hell hounds
  9 porcupines
  A soldier ant (D:11)
  4 acid dragons
  49 orc warriors
  11 black bears (Lair:6)
  A human skeleton (Zig:11)
  A sky beast (D:9)
  15 swamp drakes
  An ice beast (D:14)
  5 phantoms
  A sky beast (shapeshifter) (D:15)
  An eye of draining (D:11)
  4 necrophages
  19 ogres
  44 wolves
  7 centaurs
  15 crocodiles
  6 big kobolds
  21 bullfrogs
  4 earth elementals
  2 water moccasin zombies (Swamp:4)
  5 scorpions
  A water moccasin skeleton (D:7)
  10 killer bees
  A wight (Zig:11)
  5 howler monkeys
  A spriggan skeleton (Lab)
  A troll skeleton (Lab)
  2 vampire bats (D:13)
  3 electric eels
  3 bullfrog zombies
  7 crimson imps
  3 jellies
  4 centaur zombies
  37 orc wizards
  5 hounds
  22 orc priests
  Crazy Yiuf (D:7)
  3 bullfrog skeletons
  A gnoll shaman (D:9)
  4 centaur skeletons
  6 iguanas
  A lightning spire (Zig:13)
  14 worker ants
  7 big kobold zombies (Ossuary)
  An ogre skeleton (Lab)
  2 hound skeletons
  2 mummies
  A worker ant zombie (D:5)
  11 gnolls
  8 adders
  3 shadow imps
  2 white imps (Zig:9)
  An adder zombie (D:8)
  2 worms (D:2)
  A dart slug (D:1)
  2 leopard geckos
  100 orcs
  4 spectral bats (Ossuary)
  8 bats
  8 giant cockroaches
  4 gnoll zombies (Ossuary)
  10 goblins
  7 hobgoblins
  14 jackals
  3 quokkas
  6 ball pythons
  A ball python skeleton (D:5)
  4 bat simulacra (Ossuary)
  4 frilled lizards
  6 goblin simulacra (Ossuary)
  5 goblin zombies (Ossuary)
  7 hobgoblin zombies (Ossuary)
  A jackal skeleton (D:4)
  21 kobolds
  2 kobold simulacra (Ossuary)
  4 kobold zombies (Ossuary)
  2 leopard gecko skeletons (D:4)
  2 orc zombies (Ossuary)
  7 rats
  5 rat simulacra (Ossuary)
  2 spectral goblins (Ossuary)
  4 spectral kobolds (Ossuary)
  A spectral orc (D:4)
  3 spectral rats (Ossuary)
  6 crawling corpses
  A pillar of salt (Elf:2)
  5 starspawn tentacles (Zig:12)
1964 creatures vanquished.

Vanquished Creatures (collateral kills)
  A daeva (Zig:17)
  An angel (Zig:17)
  A killer bee (D:13)
  An orc wizard (Orc:1)
4 creatures vanquished.

Vanquished Creatures (others)
  A deep elf master archer (Elf:3)
  A tengu reaver (Zig:14)
  A vault warden (Zig:14)
  A deep elf elementalist (Elf:3)
  A reaper (Zig:18)
  A deep elf death mage (Zig:18)
  3 naga sharpshooters
  A soul eater (Zig:18)
  A deep elf knight (Elf:2)
  A wretched star (Zig:12)
  A shadow wraith (Zig:14)
  A spriggan druid (Swamp:4)
  A necromancer (Zig:14)
  A wolf spider (Zig:14)
  2 deep elf magi
  A cyclops (D:14)
  A yaktaur (D:14)
  A raiju (Zig:12)
  5 hornets
  2 slime creatures (D:15)
  2 spriggans
  2 insubstantial wisps (Swamp:4)
  3 nagas
  A swamp drake (Zig:16)
  A wolf (Lair:4)
  A boggart (shapeshifter) (Zig:14)
  A centaur (D:14)
  A jelly (shapeshifter) (Zig:14)
  4 orcs
  A gnoll zombie (Ossuary)
  A kobold (D:14)
  10 fungi
  A pillar of salt (Elf:2)
  38 plants
  10 starspawn tentacles (Zig:12)
  9 toadstools (Lair:4)
114 creatures vanquished.

Grand Total: 2082 creatures vanquished

Notes
Turn   | Place    | Note
-------+----------+-------------------------------------------
     0 | D:1      | Irenicus the Deep Dwarf Monk began the quest for the Orb.
     0 | D:1      | Reached XP level 1. HP: 20/20 MP: 1/1
   211 | D:1      | Reached XP level 2. HP: 25/27 MP: 2/2
   725 | D:2      | Reached XP level 3. HP: 30/33 MP: 3/3
  1185 | D:3      | Found a shattered altar of Ashenzari.
  1272 | D:3      | Found a sacrificial altar of Ru.
  1358 | D:3      | Reached XP level 4. HP: 17/40 MP: 4/4
  1729 | D:4      | Reached skill level 5 in Unarmed Combat
  1771 | D:4      | Reached XP level 5. HP: 18/46 MP: 4/4
  1930 | D:4      | Found a sand-covered staircase.
  1941 | Ossuary  | Entered an ossuary
  2370 | Ossuary  | Reached XP level 6. HP: 18/55 MP: 5/5
  2716 | D:4      | Noticed a water moccasin
  2727 | D:4      | Killed a water moccasin
  2748 | D:4      | Noticed Exporg's ghost (novice FoFi)
  2763 | D:4      | Killed Exporg's ghost
  2763 | D:4      | Reached XP level 7. HP: 36/61 MP: 6/6
  3037 | D:4      | Found a basalt altar of Yredelemnul.
  3131 | D:5      | Entered Level 5 of the Dungeon
  3212 | D:5      | Found Zin's Purification Station.
  3215 | D:5      | Found a glowing silver altar of Zin.
  3392 | D:5      | Noticed Eustachio
  3414 | D:5      | Killed Eustachio
  3414 | D:5      | Reached XP level 8. HP: 35/68 MP: 6/6
  3655 | D:5      | Noticed Blork the orc
  3657 | D:5      | Noticed Blork
  3657 | D:5      | Blork the orc changed into Blork the porcupine
  3672 | D:5      | Noticed Blork
  3672 | D:5      | Blork the porcupine changed into Blork the warg
  3703 | D:5      | Killed Blork the warg
  4012 | D:6      | Reached skill level 10 in Unarmed Combat
  4081 | D:6      | Found a staircase to the Ecumenical Temple.
  4099 | Temple   | Entered the Ecumenical Temple
  4267 | D:6      | Found a burning altar of Makhleb.
  4272 | D:6      | Became a worshipper of Makhleb the Destroyer
  4272 | D:6      | Reached * piety under Makhleb
  4272 | D:6      | Reached ** piety under Makhleb
  4666 | D:6      | Reached skill level 1 in Evocations
  4895 | D:7      | Noticed a hippogriff
  4912 | D:7      | Killed a hippogriff
  4912 | D:7      | Gained mutation: You passively map the area around you. [Deep Dwarf growth]
  4912 | D:7      | Reached XP level 9. HP: 33/74 MP: 5/5
  5436 | D:7      | Gained mutation: Your system is resistant to poisons. (rPois) [potion of mutation]
  5436 | D:7      | Gained mutation: Your mind is acute. (Int +2) [potion of mutation]
  5643 | D:7      | Reached *** piety under Makhleb
  5872 | D:7      | Found a runed door.
  5876 | D:7      | Noticed Crazy Yiuf
  5879 | D:7      | Killed Crazy Yiuf
  6006 | D:8      | Noticed Psyche
  6024 | D:8      | Killed Psyche
  6097 | D:8      | Got an ancient long sword
  6098 | D:8      | Identified the +8 long sword "Odgheub" {speed, *Slow Fragile MR++ Str+9} (You found it on level 8 of the Dungeon)
  6402 | D:8      | Found a shadowy altar of Dithmenos.
  6444 | D:8      | Reached XP level 10. HP: 37/81 MP: 6/6
  6632 | D:8      | Found a staircase to the Lair.
  6757 | D:9      | Reached skill level 1 in Invocations
  6761 | D:9      | Found an ancient bone altar of Kikubaaqudgha.
  6877 | D:9      | Reached skill level 5 in Evocations
  6883 | D:9      | Found a sparkling altar of Nemelex Xobeh.
  7543 | D:10     | Entered Level 10 of the Dungeon
  7617 | D:10     | Noticed a two-headed ogre
  7705 | D:10     | Killed a two-headed ogre
  7741 | D:10     | Found a hazy altar of Hepliaklqana.
  7741 | D:10     | Noticed a two-headed ogre
  7747 | D:10     | Killed a two-headed ogre
  7747 | D:10     | Reached skill level 5 in Fighting
  8058 | D:10     | Found a portal to a secret trove of treasure.
  8067 | Trove    | Entered a treasure trove
  8078 | Trove    | Identified Sif Muna's Handbook of Evil Poison
  8082 | Trove    | Identified Sif Muna's Almanac of Summoning and Confrontation
  8124 | Trove    | Got a fine amber ring
  8128 | Trove    | Identified the ring "Quogh" {Wiz rN++} (You found it in a treasure trove)
  8173 | Trove    | Learned a level 1 spell: Confusing Touch
  8219 | D:10     | Reached XP level 11. HP: 65/99 MP: 10/12
  8239 | D:10     | Reached skill level 1 in Hexes
  8402 | Lair:1   | Entered Level 1 of the Lair of Beasts
  8486 | D:10     | Noticed a five-headed hydra
  8947 | D:11     | Noticed a green ugly thing
  9005 | D:11     | Identified a scroll of acquirement
  9006 | D:11     | Got a translucent amber ring
  9008 | D:11     | Identified the ring of Amelioration {rC+ MR+ Str+3} (You acquired it on level 11 of the Dungeon)
  9253 | D:11     | Reached skill level 10 in Dodging
  9253 | D:11     | Reached XP level 12. HP: 60/109 MP: 13/13
  9780 | D:12     | Noticed an eight-headed hydra
 10051 | D:12     | Found a staircase to the Orcish Mines.
 10129 | D:12     | Reached skill level 1 in Spellcasting
 10921 | D:13     | Noticed Rupert
 11005 | D:13     | Noticed Sonja
 11108 | D:13     | Killed Sonja
 11130 | D:13     | Found a labyrinth entrance.
 11139 | Lab      | Entered a labyrinth
 11335 | Lab      | Found an exit through the horrors of the Abyss.
 11570 | Lab      | Noticed a minotaur
 11596 | Lab      | HP: 5/109 [minotaur (24)]
 11603 | Lab      | Killed a minotaur
 11640 | Lab      | Got a faintly glowing quarterstaff
 11641 | Lab      | Identified the +4 quarterstaff of Perfectionism {flame, rC+ MR++} (You found it in a labyrinth)
 11698 | D:13     | Noticed a five-headed hydra
 11735 | D:13     | Killed a five-headed hydra
 11735 | D:13     | Reached skill level 2 in Shields
 11812 | D:13     | Reached skill level 3 in Shields
 11923 | D:13     | Noticed a centaur warrior
 11947 | D:13     | Killed a centaur warrior
 11947 | D:13     | Reached skill level 4 in Shields
 12058 | D:13     | Reached XP level 13. HP: 80/115 MP: 4/9
 12333 | D:13     | Killed Rupert
 12333 | D:13     | Reached skill level 6 in Shields
 12565 | D:12     | Learned a level 2 spell: Passwall
 12588 | D:12     | HP: 5/115 [acid (9)]
 12860 | D:12     | Reached **** piety under Makhleb
 12897 | Orc:1    | Entered Level 1 of the Orcish Mines
 12920 | Orc:2    | Entered Level 2 of the Orcish Mines
 12920 | Orc:2    | Found a staircase to the Elven Halls.
 13130 | Orc:1    | Found Nump's Distillery.
 13142 | Orc:1    | Bought a potion of lignification for 54 gold pieces
 13142 | Orc:1    | Bought a potion of lignification for 54 gold pieces
 13194 | Orc:1    | Bought a potion of berserk rage for 90 gold pieces
 13194 | Orc:1    | Bought a potion of agility for 72 gold pieces
 13762 | Orc:1    | Reached ***** piety under Makhleb
 14220 | Lair:1   | HP: 5/115 [komodo dragon (24)]
 14508 | Lair:1   | Got a scorched leather armour
 14530 | Lair:1   | Identified the +1 leather armour of Honesty {*Corrode rN++ Dex+4} (You found it on level 1 of the Lair of Beasts)
 14635 | Lair:1   | Reached skill level 15 in Unarmed Combat
 14741 | Lair:1   | Reached skill level 1 in Armour
 15236 | Lair:2   | Noticed Gastronok
 15280 | Lair:2   | Killed Gastronok
 16250 | Lair:3   | Reached skill level 10 in Stealth
 16295 | Lair:3   | Got a shimmering flail
 16296 | Lair:3   | Identified the +10 flail of Cruel Justice {crush, rPois Int+3 Dex+2} (You found it on level 3 of the Lair of Beasts)
 16850 | Lair:4   | Gained mutation: You resist negative energy. (rN+) [Deep Dwarf growth]
 16850 | Lair:4   | Reached XP level 14. HP: 126/126 MP: 2/8
 17005 | Lair:4   | Found a staircase to the Swamp.
 17112 | Lair:4   | Learned a level 2 spell: Swiftness
 17152 | Lair:4   | Found a staircase to the Snake Pit.
 17218 | Lair:4   | Reached ****** piety under Makhleb
 17573 | Lair:4   | Found a runed door.
 17979 | Lair:5   | Found a frozen archway.
 18090 | IceCv    | Entered an ice cave
 18205 | IceCv    | Reached skill level 10 in Fighting
 18785 | IceCv    | Noticed a frost giant
 18830 | IceCv    | Killed a frost giant
 19476 | Lair:6   | Entered Level 6 of the Lair of Beasts
 20264 | Lair:6   | Reached XP level 15. HP: 125/138 MP: 7/9
 20298 | Lair:6   | Found a staircase to the Slime Pits.
 20298 | Lair:6   | Found a viscous altar of Jiyva.
 20382 | Lair:6   | Got a wavering pewter ring
 20384 | Lair:6   | Identified the ring of Due Proportion {rElec rC- MR+ Dex+4} (You acquired it on level 6 of the Lair of Beasts)
 21278 | Lair:6   | Reached skill level 1 in Transmutations
 21313 | Lair:6   | Reached skill level 1 in Earth Magic
 21620 | Lair:6   | Reached skill level 5 in Earth Magic
 21648 | Lair:6   | Reached skill level 1 in Charms
 21847 | Lair:6   | Got a dazzling scarf
 21853 | Lair:6   | Identified the scarf of the Salamander {rPois Dex-2 Stlth+} (You found it on level 6 of the Lair of Beasts)
 21856 | Lair:6   | Learned a level 2 spell: Song of Slaying
 21860 | Lair:6   | Learned a level 3 spell: Spectral Weapon
 22478 | Orc:2    | Noticed Nergalle
 22564 | Orc:1    | Killed Nergalle
 22854 | Orc:2    | Reached skill level 5 in Charms
 22959 | Orc:2    | Found a roughly hewn altar of Beogh.
 23110 | Orc:2    | Reached skill level 1 in Air Magic
 23211 | Orc:2    | Found Nilaicem's General Store.
 23296 | Orc:2    | Noticed an orc warlord
 23364 | Orc:2    | Found Eprej's Antique Weapon Shop.
 23532 | Orc:2    | Killed an orc warlord
 23560 | Orc:2    | Found Caifayr's Jewellery Shop.
 23577 | Orc:2    | Found Wyte's Antique Armour Shop.
 23583 | Orc:2    | Bought a dazzling large shield for 323 gold pieces
 23583 | Orc:2    | Identified the +2 large shield of Happy Babbling {rElec rPois rC+} (You bought it in a shop on level 2 of the Orcish Mines)
 24137 | Orc:2    | Bought the +3 salamander hide armour {+Rage rF++} for 1530 gold pieces
 24241 | Elf:1    | Entered Level 1 of the Elven Halls
 24264 | Elf:1    | Gained mutation: You are frail. (-10% HP) [a neqoxec]
 24266 | Elf:1    | Reached skill level 7 in Shields
 24278 | Elf:1    | You fall through a shaft!
 24363 | Elf:2    | Found a ruined gateway.
 24393 | Elf:2    | Found a flickering gateway to a bazaar.
 24415 | Elf:2    | Reached skill level 8 in Shields
 24430 | Elf:2    | Reached XP level 16. HP: 91/131 MP: 10/10
 24456 | Bazaar   | Entered a bazaar
 24460 | Bazaar   | Found Ysocw's Jewellery Boutique.
 24478 | Bazaar   | Found Kulatter's Armour Emporium.
 24495 | Bazaar   | Found Janyrife's Magic Scroll Boutique.
 24512 | Bazaar   | Found Giyfa's General Store.
 24573 | Desolati | Entered the Desolation of Salt
 24600 | Desolati | Reached skill level 9 in Shields
 24676 | Desolati | Reached skill level 10 in Shields
 24748 | Desolati | Got a smoking ruby amulet
 24750 | Desolati | Identified the amulet of Midsummer {RegenMP -Tele rN++ SInv} (You found it in the Desolation of Salt)
 24753 | Desolati | Identified Sif Muna's Volume of Weightlessness and Battle Magic
 24912 | Desolati | Reached skill level 11 in Shields
 25158 | Desolati | Reached skill level 12 in Shields
 25270 | Desolati | Identified the ring "Engai" {Ice Stlth+} (You found it in the Desolation of Salt)
 25274 | Desolati | Identified Sif Muna's Handbook of the Aerial Mountains
 25277 | Desolati | Identified the amulet "Syelezaq" {Inacc Str+7} (You found it in the Desolation of Salt)
 25469 | Desolati | Reached skill level 13 in Shields
 25564 | Desolati | Identified the ring "Quez Caiqog" {+Blink rPois MR+ Str+8 Dex-2} (You found it in the Desolation of Salt)
 25578 | Desolati | Identified the +9 arbalest of Girepsodd {freeze, MR+ Dex+4 Stlth+} (You found it in the Desolation of Salt)
 25809 | Desolati | Learned a level 1 spell: Apportation
 26042 | Elf:1    | Found a deep blue altar of Sif Muna.
 26092 | Elf:1    | Reached skill level 14 in Shields
 26549 | Elf:1    | Identified the Grimoire of Attacks
 26608 | Elf:1    | Reached XP level 17. HP: 137/137 MP: 11/11
 26814 | Elf:1    | Reached skill level 15 in Shields
 27004 | Elf:1    | Gained mutation: You occasionally shout uncontrollably at your foes. [mutagenic meat]
 27006 | Elf:1    | Gained mutation: You have very sharp teeth. [mutagenic meat]
 27106 | Elf:2    | Learned a level 1 spell: Beastly Appendage
 27658 | Elf:2    | Reached skill level 16 in Shields
 27689 | Elf:2    | Found a huge runed gate.
 27689 | Elf:2    | Found a huge runed gate.
 27689 | Elf:2    | Found a huge runed gate.
 27691 | Elf:2    | Found a huge runed gate.
 27692 | Elf:2    | Found a huge runed gate.
 28002 | Elf:2    | Noticed a deep elf blademaster
 28041 | Elf:2    | Killed a deep elf blademaster
 28281 | Elf:2    | Reached skill level 17 in Shields
 28650 | Elf:3    | Entered Level 3 of the Elven Halls
 29183 | Elf:3    | Reached skill level 18 in Shields
 29268 | Elf:3    | Noticed a deep elf blademaster
 29285 | Elf:3    | Noticed a deep elf master archer
 29287 | Elf:3    | Noticed a deep elf master archer
 29288 | Elf:3    | Noticed a Brimstone Fiend
 29291 | Elf:3    | Killed a deep elf master archer
 29293 | Elf:3    | Noticed a Brimstone Fiend
 30234 | D:14     | Found a gate to the Vaults.
 30275 | D:14     | Gained mutation: You passively map a large area around you. [Deep Dwarf growth]
 30275 | D:14     | Reached XP level 18. HP: 144/144 MP: 10/10
 30600 | D:14     | Reached skill level 19 in Shields
 30782 | D:15     | Entered Level 15 of the Dungeon
 30797 | D:14     | Gained mutation: Your mind is very acute. (Int +4) [mutagenic meat]
 30798 | D:14     | Lost mutation: You are frail. (-10% HP) [mutagenic meat]
 30799 | D:14     | Gained mutation: You have a pair of small horns on your head. [mutagenic meat]
 30800 | D:14     | Gained mutation: You are weak. (Str -2) [mutagenic meat]
 30844 | D:14     | Gained mutation: You are robust. (+10% HP) [mutagenic meat]
 30845 | D:14     | Gained mutation: You are very weak. (Str -4) [mutagenic meat]
 30846 | D:14     | Gained mutation: Armour fits poorly on your strangely shaped body. [mutagenic meat]
 30855 | D:15     | Lost mutation: You are very weak. (Str -4) [mutagenic meat]
 30857 | D:15     | Lost mutation: Armour fits poorly on your strangely shaped body. [mutagenic meat]
 30867 | D:15     | Noticed Azrael
 30957 | D:15     | Killed Azrael
 31024 | D:15     | Gained mutation: You have large cloven feet. [mutagenic meat]
 31033 | D:15     | Gained mutation: You are partially covered in icy blue scales. (AC +2) [mutagenic meat]
 31036 | D:15     | Lost mutation: You are weak. (Str -2) [mutagenic meat]
 31037 | D:15     | Gained mutation: [You are clumsy. (Dex -2)] [mutagenic meat]
 31302 | D:15     | Lost mutation: Your system is resistant to poisons. (rPois) [mutagenic meat]
 31466 | D:15     | Found a shimmering altar of Xom.
 31468 | D:15     | Found a shimmering altar of Xom.
 31468 | D:15     | Found a glowing silver altar of Zin.
 31470 | D:15     | Found a shimmering altar of Xom.
 31470 | D:15     | Found an ancient bone altar of Kikubaaqudgha.
 31470 | D:15     | Found a stormy altar of Qazlal.
 31509 | D:15     | Found Imuxziwo's Antique Weapon Emporium.
 31644 | D:15     | Gained mutation: You evolve. [mutagenic meat]
 31645 | D:15     | Gained mutation: Your spells are a little harder to cast, but a little more powerful. [mutagenic meat]
 31698 | D:15     | Found a staircase to the Depths.
 31861 | Depths:1 | Entered Level 1 of the Depths
 31884 | Depths:1 | Found a gateway to a ziggurat.
 31899 | Depths:1 | Noticed an ancient lich
 32208 | Elf:3    | Noticed a Tzitzimitl
 32855 | Elf:3    | Gained mutation: You are very robust. (+20% HP) [mutagenic meat]
 33100 | Elf:3    | Identified a +0 pair of boots of running (You found it on level 3 of the Elven Halls)
 33103 | Elf:3    | Identified the amulet "Zapocw" {rC+ Regen+} (You found it on level 3 of the Elven Halls)
 33123 | Elf:3    | Identified Zath's Papyrus of Enhancements and the Snowflakes
 33125 | Elf:3    | Identified Cuqukh's Handbook of Lethal Transmigration
 33270 | Elf:3    | Learned a level 3 spell: Vampiric Draining
 33540 | Swamp:1  | Entered Level 1 of the Swamp
 33548 | Swamp:1  | Reached XP level 19. HP: 140/216 MP: 8/10
 34176 | Swamp:1  | Gained mutation: You are partially covered in yellow scales. (AC +2) [evolution]
 34592 | Swamp:2  | Noticed Roxanne
 34616 | Swamp:2  | Killed Roxanne
 34626 | Swamp:2  | Learned a level 6 spell: Statue Form
 35112 | Swamp:3  | Noticed Haldmier's ghost (adept OgWz)
 35154 | Swamp:3  | Killed Haldmier's ghost
 35249 | Swamp:3  | Lost mutation: You have large cloven feet. [mutagenic meat]
 35250 | Swamp:3  | Lost mutation: You have a pair of small horns on your head. [mutagenic meat]
 35261 | Swamp:3  | Lost mutation: Your mind is very acute. (Int +4) [mutagenic meat]
 35266 | Swamp:3  | Lost mutation: Your spells are a little harder to cast, but a little more powerful. [mutagenic meat]
 35267 | Swamp:3  | Gained mutation: Your system is resistant to poisons. (rPois) [mutagenic meat]
 35268 | Swamp:3  | Gained mutation: Your mind is very acute. (Int +4) [mutagenic meat]
 35651 | Swamp:4  | Entered Level 4 of the Swamp
 35823 | Swamp:4  | Reached skill level 20 in Shields
 35911 | Swamp:4  | Noticed the 27-headed Lernaean hydra
 35915 | Swamp:4  | Killed the 27-headed Lernaean hydra
 36056 | Swamp:4  | Got a decaying rune of Zot
 36647 | Snake:1  | Entered Level 1 of the Snake Pit
 36788 | Snake:1  | Found a flickering gateway to a bazaar.
 36793 | Bazaar   | Entered a bazaar
 36793 | Bazaar   | Found Ysupn's Antique Armour Boutique.
 36793 | Bazaar   | Found Cyjus's Distillery.
 36806 | Bazaar   | Found Xoulitug's Weapon Shoppe.
 36831 | Bazaar   | Found Genirot's Antique Weapon Shop.
 36840 | Bazaar   | Found Icwuxeg's Antique Weapon Shop.
 36861 | Bazaar   | Bought a distressingly furry leather armour for 175 gold pieces
 36861 | Bazaar   | Identified the +0 leather armour of the Echidna {Str+2} (You bought it in a shop in a bazaar)
 36862 | Bazaar   | Bought a pair of runed boots for 187 gold pieces
 36874 | Bazaar   | Bought a potion of haste for 130 gold pieces
 36874 | Bazaar   | Bought a potion of might for 52 gold pieces
 36874 | Bazaar   | Bought a potion of might for 52 gold pieces
 37772 | Snake:2  | Lost mutation: [You are clumsy. (Dex -2)] [mutagenic meat]
 37773 | Snake:2  | Gained mutation: You expend magic power (3 MP) to strengthen your wands. [mutagenic meat]
 37775 | Snake:2  | Lost mutation: You expend magic power (3 MP) to strengthen your wands. [mutagenic meat]
 37812 | Snake:2  | Reached XP level 20. HP: 213/228 MP: 11/11
 38552 | Snake:3  | Reached skill level 21 in Shields
 39483 | Snake:4  | Entered Level 4 of the Snake Pit
 39565 | Snake:4  | Gained mutation: You rapidly evolve. [evolution]
 39669 | Snake:4  | Gained mutation: You are resistant to hostile enchantments. (MR+) [mutagenic meat]
 39901 | Snake:4  | Reached skill level 22 in Shields
 40078 | Snake:4  | Got a serpentine rune of Zot
 40186 | Snake:4  | Reached skill level 5 in Transmutations
 41309 | Depths:1 | Found a one-way gate to the infinite horrors of the Abyss.
 41402 | Depths:1 | Killed an ancient lich
 41402 | Depths:1 | Reached skill level 10 in Earth Magic
 41407 | Zig:1    | Entered Level 1 of a ziggurat
 41432 | Zig:2    | Entered Level 2 of a ziggurat
 41484 | Zig:3    | Entered Level 3 of a ziggurat
 41529 | Zig:4    | Entered Level 4 of a ziggurat
 41637 | Zig:5    | Entered Level 5 of a ziggurat
 41722 | Zig:5    | Identified Puraqeidgh's Catalogue of Venom
 41769 | Zig:6    | Entered Level 6 of a ziggurat
 41829 | Zig:6    | Reached XP level 21. HP: 174/237 MP: 12/12
 41840 | Zig:6    | Reached XP level 22. HP: 181/247 MP: 13/13
 41880 | Zig:7    | Entered Level 7 of a ziggurat
 41940 | Zig:7    | Identified the Volume of Intoxication and Good Luck
 41945 | Zig:7    | Identified the Papyrus of Entrancing Companions
 41959 | Zig:7    | Got a fine rapier
 41971 | Zig:8    | Entered Level 8 of a ziggurat
 42156 | Zig:8    | Reached XP level 23. HP: 255/255 MP: 14/14
 42170 | Zig:8    | Got a fine bronze ring
 42172 | Zig:8    | Identified the ring "Ivippyxa" {*Slow rN+++ MR+++ EV+4 Dex-5} (You found it on level 8 of a ziggurat)
 42188 | Zig:8    | Identified the Collected Works on Captivating Summoning
 42194 | Zig:9    | Entered Level 9 of a ziggurat
 42318 | Zig:9    | Reached skill level 10 in Transmutations
 42318 | Zig:9    | Reached XP level 24. HP: 143/266 MP: 14/14
 42330 | Zig:9    | Identified a +0 pair of boots of running (You found it on level 9 of a ziggurat)
 42334 | Zig:10   | Entered Level 10 of a ziggurat
 42544 | Zig:10   | Reached skill level 15 in Earth Magic
 42602 | Zig:11   | Entered Level 11 of a ziggurat
 42773 | Zig:12   | Entered Level 12 of a ziggurat
 42919 | Zig:13   | Entered Level 13 of a ziggurat
 43141 | Zig:14   | Entered Level 14 of a ziggurat
 43318 | Zig:14   | Reached XP level 25. HP: 208/274 MP: 16/18
 43336 | Zig:14   | Identified the cursed ring "Pinenon" {-Tele rN++ Str-3 Int+3} (You found it on level 14 of a ziggurat)
 43355 | Zig:15   | Entered Level 15 of a ziggurat
 43600 | Zig:15   | Identified the Papyrus of Doomed Execration
 43606 | Zig:15   | Identified the ring of Latuh {MR+ Int+4 Stlth-} (You found it on level 15 of a ziggurat)
 43607 | Zig:15   | Identified the Papyrus of the Supportive Rocks
 43648 | Zig:15   | Identified the +6 swamp dragon scales of Waommih {rElec rPois Int-2 Slay+3} (You found it on level 15 of a ziggurat)
 43655 | Zig:15   | Identified the +1 robe "Voashr Saodgha" {rElec Int+4 Stlth-} (You found it on level 15 of a ziggurat)
 43662 | Zig:16   | Entered Level 16 of a ziggurat
 43719 | Zig:16   | Reached skill level 5 in Invocations
 43842 | Zig:16   | Learned a level 5 spell: Irradiate
 43862 | Zig:16   | Identified the Incunabulum of Ignition and Unholy Secrets
 43881 | Zig:17   | Entered Level 17 of a ziggurat
 43930 | Zig:17   | Reached skill level 1 in Conjurations
 43953 | Zig:17   | Reached XP level 26. HP: 284/284 MP: 17/19
 43983 | Zig:17   | Reached skill level 10 in Invocations
 44055 | Zig:17   | Identified the ring "Unoas" {+Fly rN+ Str+4} (You found it on level 17 of a ziggurat)
 44061 | Zig:17   | Identified Ynnub's Volume of the Mutagenic Birds
 44073 | Zig:17   | Reached XP level 27. HP: 232/292 MP: 18/19
 44076 | Zig:17   | Identified the Compendium of Displacement
 44109 | Zig:18   | Entered Level 18 of a ziggurat
 44154 | Zig:18   | Noticed an ancient lich
 44158 | Zig:18   | Reached skill level 5 in Conjurations
 44177 | Zig:18   | Killed an ancient lich
 44187 | Zig:18   | Noticed an ancient lich
 44219 | Zig:18   | Killed an ancient lich
 44277 | Zig:18   | Identified Siyro Tof's Papyrus of the Magpie
 44278 | Zig:18   | Identified Pozeohism's Reference Book on Sinister Air
 44284 | Zig:18   | Learned a level 2 spell: Sublimation of Blood
 44291 | Zig:18   | Identified the ring of Yredelemnul's Envy {rF+ Str+2 SInv} (You found it on level 18 of a ziggurat)
 44307 | Zig:18   | Identified the ring "Poufup" {+Blink Dex+3} (You found it on level 18 of a ziggurat)
 44375 | Zig:19   | Entered Level 19 of a ziggurat
 44468 | Zig:19   | HP: 17/379 [lorocyproca (18)]
 44469 | Zig:19   | Demolished by a lorocyproca

Skill      XL: |  1  2  3  4  5  6  7  8  9 10 11 12 13 14 15 16 17 18 19 20 21 22 23 24 25 26 27 |
---------------+----------------------------------------------------------------------------------+-----
Unarmed Combat | 3 4 5 6 8 9 11 13 14 15 16 17 18 19 | 19.3
Evocations     | 1 7 |  7.4
Invocations    | 1 9 13 | 13.3
Fighting       | 6 7 8 10 13 14 | 14.2
Hexes          | 3 |  3.0
Dodging        | 10 11 12 | 12.1
Spellcasting   | 2 3 6 7 |  7.2
Shields        | 4 6 8 14 18 19 20 22 | 22.0
Armour         | 3 |  3.0
Stealth        | 10 | 10.0
Transmutations | 1 4 7 8 9 10 12 | 12.0
Earth Magic    | 5 8 11 12 13 14 16 | 16.3
Charms         | 5 |  5.1
Air Magic      | 1 |  1.0
Conjurations   | 2 4 9 |  9.0

Action                   |  1- 3 |  4- 6 |  7- 9 | 10-12 | 13-15 | 16-18 | 19-21 | 22-24 | 25-27 || total
-------------------------+-------+-------+-------+-------+-------+-------+-------+-------+-------++-------
Melee: Unarmed           |    91 |   278 |   405 |   791 |  3096 |  2192 |  1942 |   603 |   402 ||  9800
       Punch             |     1 |     6 |    17 |    85 |       |       |       |       |       ||   109
       Long sword        |       |       |     6 |       |       |       |       |       |       ||     6
       Bite              |       |       |       |       |       |   283 |   403 |   117 |    48 ||   851
       Headbutt          |       |       |       |       |       |   259 |   113 |     3 |       ||   375
Throw: Stone             |    34 |       |       |       |       |       |       |       |       ||    34
       Javelin           |    37 |    57 |    29 |     3 |     1 |       |       |       |       ||   127
       Throwing net      |       |       |     6 |       |       |       |       |       |       ||     6
 Cast: Confusing Touch   |       |       |       |   113 |   459 |    76 |     9 |    11 |     3 ||   671
       Passwall          |       |       |       |       |     4 |       |       |       |       ||     4
       Beastly Appendage |       |       |       |       |       |     3 |       |     1 |       ||     4
       Song of Slaying   |       |       |       |       |       |       |     1 |     2 |     8 ||    11
       Statue Form       |       |       |       |       |       |       |       |     6 |     8 ||    14
       Irradiate         |       |       |       |       |       |       |       |       |     9 ||     9
Invok: Lesser Servant of |       |       |       |       |       |       |       |       |     2 ||     2
       Greater Servant o |       |       |       |       |       |       |       |       |     1 ||     1
 Abil: Heal Wounds       |       |     5 |    14 |    13 |     7 |     8 |       |       |     3 ||    50
       Evoke Berserk Rag |       |       |       |       |       |     6 |     5 |     4 |       ||    15
       Evoke Blink       |       |       |       |       |       |     1 |       |       |       ||     1
       End Transformatio |       |       |       |       |       |       |       |     1 |     2 ||     3
Evoke: Wand              |       |       |     4 |    17 |    19 |    22 |     3 |     1 |     6 ||    72
       Lightning rod     |       |       |       |     7 |     5 |    12 |     2 |       |     3 ||    29
       Sack of spiders   |       |       |       |       |     1 |     1 |       |       |     1 ||     3
       Fan of gales      |       |       |       |       |       |       |       |     1 |       ||     1
       Box of beasts     |       |       |       |       |       |       |       |       |     2 ||     2
       Lamp of fire      |       |       |       |       |       |       |       |       |     2 ||     2
  Use: Scroll            |     5 |     8 |     2 |    19 |    13 |    17 |    10 |     4 |    16 ||    94
       Potion            |       |     5 |     5 |     6 |     5 |     2 |     5 |    14 |    11 ||    53
 Stab: Sleeping          |       |     5 |     8 |     8 |    23 |    25 |    13 |       |       ||    82
       Distracted        |       |       |     1 |       |     4 |     9 |     6 |       |     3 ||    23
       Confused          |       |       |       |    67 |   366 |    62 |    11 |     8 |     1 ||   515
       Paralysed         |       |       |       |     3 |       |       |       |       |       ||     3
       Invisible         |       |       |       |       |     4 |       |     2 |       |     3 ||     9
       Petrified         |       |       |       |       |    13 |       |       |       |       ||    13
       Held in net/web   |       |       |       |       |       |     2 |       |       |       ||     2
  Eat: Chunk             |     1 |     4 |    12 |    23 |    21 |    39 |    28 |       |       ||   128
       Fruit             |       |     2 |       |     3 |     1 |    15 |     2 |       |       ||    23
       Meat ration       |       |       |       |     1 |     5 |     1 |       |       |       ||     7
       Bread ration      |       |       |       |       |       |     3 |     6 |     3 |     1 ||    13
       Royal jelly       |       |       |       |       |       |     1 |       |       |       ||     1
Armor: Robe              |    11 |    28 |    25 |    70 |    27 |       |       |       |       ||   161
       Skin              |       |     7 |    14 |    21 |    27 |       |       |   289 |   396 ||   754
       Leather armour    |       |       |       |       |   327 |   271 |   345 |    76 |    39 ||  1058
Dodge: Dodged            |    51 |   156 |   202 |   430 |  1374 |   606 |   831 |   668 |   563 ||  4881
Block: Other             |       |       |       |    70 |       |       |       |       |       ||    70
       Buckler           |       |       |       |    53 |  1499 |       |       |       |       ||  1552
       Reflection        |       |       |       |     1 |    21 |    98 |   155 |       |       ||   275
       Large shield      |       |       |       |       |   107 |  2203 |  2712 |  1050 |   943 ||  7015
       Rpst.: Long sword |       |       |     1 |       |       |       |       |       |       ||     1
       Unarmed           |       |       |       |       |       |    89 |   110 |    27 |     4 ||   230
